AoeStats
← ✚ Quentin [BOT]

Arena

509964281Analyzed
1v1 RM · 2d ago on Sep 28, 2026· 59m 46s· 2 players
Game mode
Random Map
Map size
Tiny (2 player)
Population
200
Speed
Normal
Resources
Standard
Victory
Conquest
Starting age
Dark Age
Ending age
Imperial Age
RankedLock teamsTeams togetherTeam positionsShared explorationLock speedFull tech treeHidden civsTurbo modeCheats
Victory
Defeat
🇦🇹 Malay · Austria
1078
+15
🇩🇪 Slavs · Germany
1062
-15
GoOverlay.com | AwE
10:51 Feudal Age
12:27 Loom
15:24 Castle Age
14:22 Forging
14:18 Double-Bit Axe
15:01 Horse Collar
16:39 Bow Saw
18:31 Town Watch
20:27 Heavy Plow
24:06 Wheelbarrow
27:10 Hand Cart
29:53 Imperial Age
27:39 Masonry
27:50 Ballistics
27:29 Pikeman
28:10 Squires
27:31 Man-at-Arms
28:31 Scale Mail Armor
28:21 Fletching
30:48 Iron Casting
30:29 Chain Mail Armor
30:16 Padded Archer Armor
30:04 Capped Ram
30:15 Long Swordsman
31:01 Gold Mining
31:20 Detinets
31:41 Conscription
31:21 Stone Mining
31:29 Murder Holes
31:53 Town Patrol
31:49 Two-Handed Swordsman
32:38 Bodkin Arrow
32:58 Leather Archer Armor
33:45 Blast Furnace
33:00 Chain Mail Armor
32:36 Elite Skirmisher
32:50 Champion
35:06 Two-Man Saw
34:47 Druzhina
35:43 Devotion
35:56 Redemption
35:43 Siege Ram
37:12 Gold Shaft Mining
36:51 Siege Engineers
37:48 Chemistry
39:31 Bloodlines
39:21 Husbandry
40:26 Plate Mail Armor
40:01 Scale Barding Armor
40:27 Ring Archer Armor
39:30 Onager
40:34 Fortified Wall
42:43 Chain Barding Armor
41:54 Siege Onager
44:03 Light Cavalry
44:31 Siege Onager
45:46 Hussar
47:28 Plate Barding Armor
53:02 Crop Rotation
59:23 Block Printing
✚ Quentin [BOT]
10:24 Feudal Age
14:29 Castle Age
12:41 Horse Collar
13:29 Double-Bit Axe
23:43 Bow Saw
23:39 Heavy Plow
24:20 Stone Mining
24:26 Gold Mining
25:20 Crossbowman
25:49 Loom
26:44 Wheelbarrow
25:55 Town Watch
28:23 Gold Shaft Mining
30:42 Imperial Age
28:29 Hand Cart
28:14 Fletching
28:24 Padded Archer Armor
28:55 Thumb Ring
29:40 Bodkin Arrow
30:24 Squires
30:10 Arson
32:10 Chemistry
31:59 Ballistics
31:58 Siege Engineers
32:28 Bracer
32:44 Leather Archer Armor
32:40 Forging
32:53 Arbalester
37:58 Elite Karambit Warrior
39:20 Iron Casting
39:16 Ring Archer Armor
45:22 Blast Furnace
Connection lost

Rejoining the realm…

Still unreachable

The connection could not be restored.

Session expired

The server has moved on; the page needs a fresh start.